 Dungeon Crawl Stone Soup version 0.31-a0-4-gefa6de2278 (webtiles) character file.

Game seed: 7263654918878514765

185151 bmack86 the Executioner (level 17, -17/168 HPs)
             Began as a Minotaur Fighter on May 5, 2023.
             Was an Elder of Okawaru.
             Demolished by Donald
             ... wielding a +1 demon trident of pain
              (31 damage)
             ... on level 3 of the Snake Pit.
             The game lasted 01:29:29 (30226 turns).

bmack86 the Executioner (Minotaur Fighter)         Turns: 30226, Time: 01:29:30

Health: -17/168    AC: 33    Str: 26    XL:     17   Next: 40%
Magic:  1/11       EV: 10    Int:  8    God:    Okawaru [****..]
Gold:   1773       SH: 23    Dex: 14    Spells: 16/16 levels left

rFire   + + .        S - +5 broad axe (antimagic)
rCold   . . .        u - +2 kite shield
rNeg    + . .        L - +2 plate armour of Inquiry {rElec}
rPois   +            N - +2 hat
rElec   +            c - +0 cloak
rCorr   .            E - +1 pair of gloves of Kieskau {rF++}
SInv    .            P - +1 pair of boots
Will    +....        T - amulet of reflection Stlth
                     r - ring of flight
HPRegen 0.48/turn    B - ring of Happiness {rElec rPois rN+ MP+9}
MPRegen 0.12/turn

%: reflection
@: lethally poisoned (-17 -> -18), heroic, flying, studying Hexes
A: horns 2, retaliatory headbutt, iridescent scales 1, agile 1, clever 1
}: 1/15 runes: serpentine
a: Renounce Religion, Heroism, Finesse


You were on level 3 of the Snake Pit.
You worshipped Okawaru.
Okawaru was greatly pleased with you.
You visited 6 branches of the dungeon, and saw 28 of its levels.
You also visited: Ice Cave.

You collected 2741 gold pieces.
You spent 968 gold pieces at shops.

Inventory:

Hand Weapons
 a - a +1 war axe of protection
 d - a +3 spectral broad axe
 R - a +1 hand axe of flaming
 S - a +5 antimagic broad axe (weapon)
Missiles
 k - a throwing net
 o - 15 boomerangs (quivered)
 x - 10 javelins
 D - 56 poisoned darts
 O - 7 silver javelins
Armour
 c - a +0 cloak (worn)
 u - a +2 kite shield (worn)
 z - a +0 pair of gloves
 E - the +1 pair of gloves of Kieskau (worn) {rF++}
   (Okawaru gifted it to you on level 3 of the Snake Pit)

   rF:        It greatly protects you from fire.
 L - the +2 plate armour of Inquiry (worn) {rElec}
   (Okawaru gifted it to you on level 14 of the Dungeon)

   rElec:     It insulates you from electricity.
 N - a +2 hat (worn)
 P - a +1 pair of boots (worn)
Jewellery
 h - a ring of resist corrosion
 n - a ring of protection from cold
 r - a ring of flight (left hand)
 y - a ring of see invisible
 B - the ring of Happiness (right hand) {rElec rPois rN+ MP+9}
   (You found it on level 3 of the Lair of Beasts)

   [ring of magical power]

   rElec:     It insulates you from electricity.
   rPois:     It protects you from poison.
   rN:        It protects you from negative energy.
   MP:        It affects your magic capacity (+9).
 C - a ring of protection from cold
 T - an amulet of reflection (around neck)
 W - a ring of protection from fire
Wands
 q - a wand of flame (56)
 v - a wand of iceblast (11)
 H - a wand of digging (10)
 J - a wand of polymorph (8)
Scrolls
 e - 8 scrolls of identify
 i - a scroll of brand weapon
 j - 6 scrolls of teleportation
 l - 5 scrolls of fog
 p - a scroll of fear
 w - 5 scrolls of blinking
 M - a scroll of silence
 Q - 2 scrolls of magic mapping
 V - 4 scrolls of poison
Potions
 b - 6 potions of flight
 f - 3 potions of resistance
 g - 5 potions of brilliance
 m - a potion of cancellation
 s - 4 potions of invisibility
 t - a potion of magic
 A - 12 potions of curing
 F - 3 potions of might
 G - 5 potions of heal wounds
 I - 4 potions of haste
 K - 2 potions of berserk rage
 U - 3 potions of ambrosia


   Skills:
 + Level 19.4(24.4) Fighting
 - Level 21.4(26.4) Axes
 - Level 10.0(15.0) Throwing
 + Level 16.6(21.6) Armour
 + Level 16.6(21.6) Shields
 + Level 12.8 Invocations


You had 16 spell levels left.
You didn't know any spells.
Your spell library contained the following spells:

 Spells                   Type           Power      Damage    Failure   Level
 Beastly Appendage        Tmut           0%         N/A       92%         1
 Kiss of Death            Conj/Necr      0%         2d5       92%         1
 Magic Dart               Conj           0%         1d3       92%         1
 Necrotise                Necr           0%         1d4       92%         1
 Shock                    Conj/Air       0%         1d3       92%         1
 Sting                    Tmut/Pois      0%         1d3       92%         1
 Blink                    Tloc           0%         N/A       98%         2
 Ensorcelled Hibernation  Hex/Ice        0%         N/A       98%         2
 Lesser Beckoning         Tloc           0%         N/A       98%         2
 Momentum Strike          Conj/Tloc      0%         3d8       98%         2
 Poisonous Vapours        Pois/Air       0%         N/A       98%         2
 Wereblood                Tmut           0%         N/A       98%         2
 Confusing Touch          Hex            0%         N/A       100%        3
 Mephitic Cloud           Conj/Pois/Air  0%         N/A       100%        3
 Ozocubu's Armour         Ice            0%         N/A       100%        3
 Spider Form              Tmut/Pois      0%         N/A       100%        3
 Swiftness                Air            0%         N/A       100%        3
 Vampiric Draining        Necr           0%         2d6       100%        3
 Airstrike                Air            0%         2d(0-16)  100%        4
 Anguish                  Hex/Necr       0%         N/A       100%        4
 Cause Fear               Hex            0%         N/A       100%        4
 Dispel Undead            Necr           0%         3d6       100%        4
 Olgreb's Toxic Radiance  Pois           0%         N/A       100%        4
 Agony                    Necr           0%         N/A       100%        5
 Alistair's Intoxication  Tmut/Pois      0%         N/A       100%        5
 Borgnjor's Vile Clutch   Necr/Erth      0%         N/A       100%        5
 Metabolic Englaciation   Hex/Ice        0%         N/A       100%        5
 Eringya's Noxious Bog    Tmut/Pois      0%         N/A       100%        6
 Dragon Form              Tmut           0%         N/A       100%        7
 Storm Form               Tmut/Air       0%         N/A       100%        7
 Maxwell's Capacitive Co  Air            0%         ∞         100%        8
 Call Imp                 Summ           Unusable   N/A       N/A         2
 Summon Lightning Spire   Summ/Air       Unusable   N/A       N/A         4
 Simulacrum               Ice/Necr       Unusable   N/A       N/A         6
 Dragon's Call            Summ           Unusable   N/A       N/A         9

Dungeon Overview and Level Annotations

Branches:
Dungeon (15/15)            Temple (1/1) D:7            Lair (5/5) D:11
  Swamp (0/4) Lair:2        Snake (4/4) Lair:2        Slime (0/5) Lair:5
    Orc (2/2) D:10            Elf (1/3) Orc:2        Vaults (0/5) D:14
 Depths (0/4) D:15          IceCv (visited)

Altars:
Ashenzari
Cheibriados
Dithmenos
Elyvilon
Fedhas
Gozag
Hepliaklqana
Kikubaaqudgha
Makhleb
Nemelex Xobeh
Okawaru
Qazlal
Ru
Sif Muna
Trog
Uskayaw
Vehumet
Wu Jian
Xom
Yredelemnul
Zin
The Shining One
Jiyva

Shops:
D:1 [?((   D:7 [=   D:11 [   D:13 (*[   Orc:2 [?(=

Annotations:
D:13 3 runed translucent doors, Ahpoh's ghost, journeyman VSMo
Snake:3 Donald


Innate Abilities, Weirdness & Mutations

You have a pair of horns on your head.
You reflexively headbutt those who attack you in melee.
You are partially covered in iridescent scales. (AC +2)
You are agile. (Dex +4, Str/Int -1)
Your mind is acute. (Int +4, Str/Dex -1)


Message History

Donald blocks your attack.
Donald is lightly wounded.
You feel sick. Donald barely misses you. You block the naga ritualist's attack.
Donald blocks your attack.
Donald is lightly wounded.
You feel sick.
Donald's magic is no longer disrupted.
Donald asks, "How many innocent creatures did you kill for those shoes?"
Donald hits you with a +1 demon trident of pain!!
* * * LOW HITPOINT WARNING * * *
You writhe in agony.
* * * LOW HITPOINT WARNING * * *
You feel much better.
You feel sick.
The naga ritualist's toxic aura wanes.
The naga ritualist mumbles some strange prayers to its god.
The naga ritualist begins to radiate toxic energy.
You are more poisoned.
Donald says, "Why would someone put a sword in a little box?"
You block Donald's attack.
You feel better.
* * * LOW HITPOINT WARNING * * *
You are poisoned.
The naga ritualist hits you but does no damage.
Donald says, "I think I hate rivers, but I can't remember why."
You block Donald's attack.
Okay, then.
Okay, then.
Donald blocks your attack. x2
Donald is lightly wounded.
You feel sick. You block the naga ritualist's attack.
Donald hits you with a +1 demon trident of pain!!
* * * LOW HITPOINT WARNING * * *
You hit Donald but do no damage.
Donald is lightly wounded.
You feel sick. You block the naga ritualist's attack.
You slice Donald!!
Donald's magic leaks into the air.
Your headbutt misses Donald.
Donald is heavily wounded.
You feel sick.
Donald says, "I wish they'd hurry up and stop blocking the corridors."
Donald hits you with a +1 demon trident of pain!!
You die...

...........## ###
............# ###.##
...........####
.....# #.............
#....# #.............
###.## #....N........
..#.# #...@.†.......
..#.## #..@.)#
..#..#..#. #.....#
###..#.. ...^#.....##
.....#.# ....'......#
....##.# ....#......#
#####..##.#.'#......#
........#####.......#
....................#
.....)..........>...#


You could see Donald (strong, magic disrupted, reflecting) and a naga ritualist
(toxic aura).

Vanquished Creatures
  2 quicksilver dragons (Snake:4)
  3 nagarajas (Snake:4)
  An ironbound preserver (D:14)
  A fire dragon (Lair:5)
  An ettin (Orc:1)
  A salamander tyrant (Snake:4)
  An ogre mage (Orc:2)
  2 catoblepae
  7 centaur warriors
  6 hydras
  6 anacondas
  10 two-headed ogres
  4 boulder beetles
  4 naga warriors
  A dancing weapon (Elf:1)
  A death knight (D:15)
  4 tengu warriors
  13 death yaks
  An orc high priest (Orc:2)
  Urug (D:12)
  9 naga sharpshooters
  6 shock serpents
  4 deep elf knights
  10 skeletal warriors
  A skyshark (Lair:4)
  A bog body (IceCv)
  3 naga ritualists
  A lindwurm (Lair:5)
  3 deep elf archers (Elf:1)
  3 deep elf pyromancers
  5 orc knights
  2 necromancers
  3 deep elf zephyrmancers
  16 ugly things
  5 mana vipers
  A wolf spider zombie (D:15)
  9 salamanders
  2 wolf spiders
  An oklob plant (Lair:4)
  11 cyclopes
  3 manticores
  3 orc sorcerers
  Maurice (D:11)
  35 black mambas
  9 guardian serpents
  2 ice statues (IceCv)
  23 elephants
  10 naga magi
  2 molten gargoyles (Lair:5)
  2 torpor snails
  14 cane toads
  4 gargoyles
  5 rime drakes
  2 centaur skeletons (D:15)
  14 komodo dragons
  3 kobold demonologists
  4 freezing wraiths
  4 yaktaurs (D:14)
  An efreet (D:13)
  4 ice devils (IceCv)
  3 tengu conjurers
  2 anaconda simulacra (IceCv)
  A harpy zombie (D:15)
  6 polar bears
  4 trolls
  4 meliai
  A hornet (Lair:2)
  A blink frog (shapeshifter) (D:11)
  28 blink frogs
  4 slime creatures
  An air elemental (Elf:1)
  A dire elephant simulacrum (IceCv)
  A centaur simulacrum (D:15)
  A vampire (D:14)
  36 yaks
  A shadow (D:11)
  4 wraiths
  11 wyverns
  4 steam dragons
  11 basilisks
  2 fire elementals
  11 vampire mosquitoes
  A death yak simulacrum (IceCv)
  2 harpy simulacra (IceCv)
  3 wargs (Orc:1)
  3 acid dragons
  Duvessa (D:4)
  11 water moccasins
  5 hydra simulacra (IceCv)
  25 nagas
  4 hell hounds (Lair:5)
  35 orc warriors
  3 ice beasts
  3 black bears
  A hornet zombie (D:15)
  7 ogres
  4 boggarts (D:14)
  21 wolves
  18 centaurs
  4 kobold brigands
  11 bullfrogs
  2 scorpions
  3 gnoll sergeants
  A two-headed ogre simulacrum (IceCv)
  4 wights (D:6)
  Dowan (D:4)
  12 killer bees
  3 electric eels
  A howler monkey (D:12)
  8 jellies
  5 lava snakes (Lair:5)
  16 orc priests
  Crazy Yiuf (D:4)
  10 hounds
  Ijyb (D:4)
  2 sleepcaps
  7 iguanas
  12 orc wizards
  A spriggan simulacrum (IceCv)
  2 troll simulacra (IceCv)
  A wolf simulacrum (IceCv)
  13 gnolls
  8 adders
  2 shadow imps
  3 white imps
  4 ufetubi
  4 dart slugs
  62 orcs
  16 ball pythons
  5 endoplasms
  7 giant cockroaches
  5 goblins
  7 hobgoblins
  4 jackals (D:2)
  29 kobolds
  6 bats
  3 frilled lizards
  4 rats
  6 bushes (Lair:4)
892 creatures vanquished.

Vanquished Creatures (others)
  Nessos (Lair:4)
  A bush (Lair:4)
  40 fungi
  45 plants
87 creatures vanquished.

Grand Total: 979 creatures vanquished

Notes
Turn   | Place    | Note
-------+----------+-------------------------------------------
     0 | D:1      | bmack86 the Minotaur Fighter began the quest for the Orb.
     0 | D:1      | Reached XP level 1. HP: 19/19 MP: 0/0
   155 | D:1      | Found Iluseifu's Antique Armour Emporium.
   186 | D:1      | Found Sieham's Antique Weapon Shoppe.
   202 | D:1      | Reached XP level 2. HP: 27/27 MP: 1/1
   273 | D:1      | Found Hoetim's Magic Scroll Boutique.
   378 | D:1      | Found Cauted's Antique Weapon Boutique.
   387 | D:1      | Reached skill level 3 in Axes
   842 | D:2      | Found a faded altar of an unknown god.
   887 | D:2      | Reached XP level 3. HP: 29/33 MP: 2/2
  1085 | D:2      | HP: 1/33 [spore (32)]
  1490 | D:3      | Reached XP level 4. HP: 18/40 MP: 3/3
  1497 | D:3      | Reached skill level 4 in Axes
  1659 | D:3      | Reached XP level 5. HP: 29/47 MP: 4/4
  2311 | D:4      | Noticed Duvessa
  2324 | D:4      | Killed Duvessa
  2325 | D:4      | Reached skill level 5 in Axes
  2325 | D:4      | Reached skill level 1 in Throwing
  2325 | D:4      | Reached XP level 6. HP: 37/55 MP: 5/5
  2341 | D:4      | Noticed Dowan
  2360 | D:4      | Killed Dowan
  2361 | D:4      | Reached skill level 5 in Fighting
  2361 | D:4      | Reached skill level 5 in Armour
  2361 | D:4      | Reached skill level 5 in Shields
  2877 | D:4      | Reached XP level 7. HP: 58/61 MP: 6/6
  2967 | D:4      | Noticed Ijyb
  2974 | D:4      | Killed Ijyb
  3040 | D:4      | Reached skill level 6 in Axes
  3423 | D:4      | Found a runed translucent door.
  3424 | D:4      | Noticed Crazy Yiuf
  3430 | D:4      | Killed Crazy Yiuf
  3508 | D:5      | Entered Level 5 of the Dungeon
  3599 | D:5      | Reached skill level 7 in Axes
  3599 | D:5      | Reached XP level 8. HP: 13/70 MP: 7/7
  4300 | D:6      | Reached skill level 8 in Axes
  4453 | D:6      | Found a sparkling altar of Nemelex Xobeh.
  4652 | D:6      | Reached XP level 9. HP: 78/78 MP: 8/8
  4894 | D:6      | Reached skill level 9 in Axes
  5005 | D:7      | Found Lagiyth's Armour Emporium.
  5097 | D:7      | Found a staircase to the Ecumenical Temple.
  5115 | Temple   | Entered the Ecumenical Temple
  5196 | Temple   | Became a worshipper of Warmaster Okawaru
  5318 | D:7      | Found Kemymee's Jewellery Emporium.
  5421 | D:7      | Reached skill level 1 in Invocations
  6085 | D:7      | Reached * piety under Okawaru
  6499 | D:7      | Reached skill level 5 in Throwing
  6617 | D:7      | Reached skill level 10 in Axes
  7202 | D:8      | Reached ** piety under Okawaru
  7203 | D:8      | Reached XP level 10. HP: 81/88 MP: 10/10
  8458 | D:9      | Reached skill level 11 in Axes
  8467 | D:9      | Reached *** piety under Okawaru
  8994 | D:10     | Entered Level 10 of the Dungeon
  9057 | D:10     | Gained mutation: Your body sometimes deteriorates upon
                  | taking damage. [potion of mutation]
  9057 | D:10     | Gained mutation: You passively dampen the noise of your
                  | surroundings. [potion of mutation]
  9057 | D:10     | Gained mutation: You are resistant to electric shocks.
                  | (rElec) [potion of mutation]
  9166 | D:10     | Noticed a gargoyle
  9171 | D:10     | Killed a gargoyle
  9905 | D:10     | Found a staircase to the Orcish Mines.
  9925 | D:10     | Reached XP level 11. HP: 83/95 MP: 13/13
 10103 | D:11     | Noticed Maurice
 10121 | D:11     | Killed Maurice
 10125 | D:11     | Noticed a harpy
 10129 | D:11     | a harpy changed into a blink frog
 10143 | D:11     | Noticed a two-headed ogre
 10154 | D:11     | Killed a two-headed ogre
 10154 | D:11     | Reached **** piety under Okawaru
 10178 | D:11     | Reached skill level 12 in Axes
 10183 | D:11     | Received a gift from Okawaru
 10289 | D:11     | Noticed a boulder beetle
 10319 | D:11     | Killed a boulder beetle
 10426 | D:11     | Received a gift from Okawaru
 10562 | D:11     | Found Kocuiw's Antique Armour Boutique.
 10572 | D:11     | Identified the +0 scale mail "Kupyol" {+Inv rC- Will++
                  | Stlth+}
 10586 | D:11     | Found a staircase to the Lair.
 10603 | D:11     | Reached skill level 5 in Invocations
 11010 | D:11     | Bought a glowing plate armour for 702 gold pieces
 11045 | Lair:1   | Entered Level 1 of the Lair of Beasts
 11088 | Lair:1   | Reached ***** piety under Okawaru
 11474 | Lair:1   | Reached skill level 10 in Shields
 11475 | Lair:1   | Received a gift from Okawaru
 11476 | Lair:1   | Reached skill level 13 in Axes
 11796 | Lair:1   | Reached skill level 10 in Fighting
 11796 | Lair:1   | Reached skill level 10 in Armour
 12033 | Lair:1   | Reached XP level 12. HP: 63/106 MP: 15/15
 12287 | Lair:2   | Identified a scroll of acquirement
 12325 | Lair:2   | Acquired a manual of Fighting
 12351 | Lair:2   | Found a staircase to the Swamp.
 12403 | Lair:2   | Received a gift from Okawaru
 12607 | Lair:2   | Lost mutation: You passively dampen the noise of your
                  | surroundings. [potion of mutation]
 12607 | Lair:2   | Lost mutation: You are resistant to electric shocks.
                  | (rElec) [potion of mutation]
 12607 | Lair:2   | Lost mutation: Your body sometimes deteriorates upon taking
                  | damage. [potion of mutation]
 12607 | Lair:2   | Gained mutation: Your mind is acute. (Int +4, Str/Dex -1)
                  | [potion of mutation]
 12607 | Lair:2   | Gained mutation: You are partially covered in iridescent
                  | scales. (AC +2) [potion of mutation]
 12607 | Lair:2   | Gained mutation: You are agile. (Dex +4, Str/Int -1)
                  | [potion of mutation]
 12699 | Lair:2   | Found a frozen archway.
 12717 | IceCv    | Entered an ice cave
 13016 | IceCv    | Received a gift from Okawaru
 13186 | IceCv    | Reached skill level 14 in Axes
 13333 | IceCv    | Received a gift from Okawaru
 13722 | Lair:2   | Found a staircase to the Snake Pit.
 13751 | Lair:2   | Acquired a manual of Axes
 13852 | Lair:2   | Received a gift from Okawaru
 14241 | Lair:3   | Identified the +0 leather armour of Eternal Vigilance
                  | {rElec rN+ Str+2 Dex+3}
 14242 | Lair:3   | Noticed a catoblepas
 14258 | Lair:3   | Killed a catoblepas
 14293 | Lair:3   | Identified the ring of Happiness {rElec rPois rN+ MP+9}
 14433 | Lair:3   | Reached skill level 15 in Axes
 14433 | Lair:3   | Reached XP level 13. HP: 117/117 MP: 17/17
 14599 | Lair:3   | Received a gift from Okawaru
 14858 | Lair:3   | Reached skill level 16 in Axes
 15286 | Lair:4   | Noticed Nessos
 15339 | Lair:4   | Killed Nessos
 15797 | Lair:4   | Reached skill level 17 in Axes
 15839 | Lair:3   | Identified the +1 robe of Autumn {Int+2 Dex+2} (Okawaru
                  | gifted it to you on level 3 of the Lair of Beasts)
 15839 | Lair:3   | Received a gift from Okawaru
 16157 | Lair:4   | Reached XP level 14. HP: 123/130 MP: 9/19
 16620 | Lair:5   | Entered Level 5 of the Lair of Beasts
 16623 | Lair:5   | Found a staircase to the Slime Pits.
 16623 | Lair:5   | Found a viscous altar of Jiyva.
 16634 | Lair:5   | Reached skill level 18 in Axes
 17007 | Lair:5   | Reached skill level 10 in Throwing
 17063 | Lair:5   | Received a gift from Okawaru
 17140 | Lair:5   | Received a gift from Okawaru
 17410 | Lair:5   | Received a gift from Okawaru
 17426 | Lair:5   | Reached skill level 15 in Fighting
 17966 | Lair:5   | Found a large runed translucent door.
 18147 | Lair:5   | Received a gift from Okawaru
 18351 | Lair:5   | Found a large runed translucent door.
 18368 | Lair:5   | Received a gift from Okawaru
 19454 | D:12     | Received a gift from Okawaru
 19455 | D:12     | Reached skill level 19 in Axes
 19563 | D:12     | Noticed Urug
 19573 | D:12     | Killed Urug
 19937 | D:13     | Found Qaut's Antique Armour Boutique.
 19972 | D:13     | Reached XP level 15. HP: 143/143 MP: 10/21
 20606 | D:13     | Found a runed translucent gate.
 20607 | D:13     | Noticed an acid blob
 20608 | D:13     | Found a runed translucent gate.
 20608 | D:13     | Found a runed translucent gate.
 20608 | D:13     | Noticed a rockslime
 20608 | D:13     | Noticed an azure jelly
 20608 | D:13     | Noticed an acid blob
 20609 | D:13     | Noticed an acid blob
 20609 | D:13     | Noticed Ahpoh's ghost (journeyman VSMo)
 20609 | D:13     | Noticed an acid blob
 20609 | D:13     | Noticed an azure jelly
 20610 | D:13     | Noticed an azure jelly
 20610 | D:13     | Noticed an acid blob
 20610 | D:13     | Noticed an azure jelly
 20615 | D:13     | Found a viscous altar of Jiyva.
 20726 | D:13     | Received a gift from Okawaru
 20867 | D:13     | Found Baagitzuics's General Store.
 20871 | D:13     | Found Sovvoate's Antique Weapon Emporium.
 20888 | D:13     | Bought a ring of see invisible for 210 gold pieces
 21030 | D:14     | Reached skill level 10 in Invocations
 22058 | D:14     | Received a gift from Okawaru
 22068 | D:14     | Reached skill level 20 in Axes
 22131 | D:14     | Found a gate to the Vaults.
 22152 | D:14     | Reached ****** piety under Okawaru
 22235 | D:14     | Identified the +2 plate armour of Inquiry {rElec} (Okawaru
                  | gifted it to you on level 14 of the Dungeon)
 22235 | D:14     | Received a gift from Okawaru
 22837 | D:15     | Entered Level 15 of the Dungeon
 23251 | D:15     | Found a staircase to the Depths.
 23538 | D:15     | Reached XP level 16. HP: 133/157 MP: 9/23
 24676 | Orc:1    | Entered Level 1 of the Orcish Mines
 24785 | Orc:2    | Entered Level 2 of the Orcish Mines
 24807 | Orc:2    | Received a gift from Okawaru
 24944 | Orc:2    | Reached skill level 21 in Axes
 24944 | Orc:2    | Reached skill level 15 in Shields
 24998 | Orc:2    | Found a staircase to the Elven Halls.
 25134 | Orc:1    | Reached skill level 15 in Armour
 25293 | Orc:2    | Paralysed by an orc sorcerer for 4 turns
 25306 | Orc:2    | Received a gift from Okawaru
 25366 | Orc:2    | Found a radiant altar of Vehumet.
 25586 | Orc:2    | Found Uhuss's Antique Weapon Boutique.
 25586 | Orc:2    | Found Lokoygec's Magic Scroll Shoppe.
 25588 | Orc:2    | Found Poocihouv's Antique Armour Emporium.
 25590 | Orc:2    | Found Futtov's Jewellery Shop.
 25599 | Orc:2    | Bought a scroll of vulnerability for 56 gold pieces
 26305 | Elf:1    | Entered Level 1 of the Elven Halls
 26972 | Snake:1  | Entered Level 1 of the Snake Pit
 27016 | Snake:2  | Received a gift from Okawaru
 27488 | Snake:2  | Received a gift from Okawaru
 27862 | Snake:3  | Received a gift from Okawaru
 27984 | Snake:3  | Identified the +1 pair of gloves of Kieskau {rF++} (Okawaru
                  | gifted it to you on level 3 of the Snake Pit)
 27984 | Snake:3  | Received a gift from Okawaru
 28313 | Snake:4  | Entered Level 4 of the Snake Pit
 28750 | Snake:4  | Reached XP level 17. HP: 101/166 MP: 10/25
 29090 | Snake:4  | Noticed a quicksilver dragon
 29090 | Snake:4  | Noticed a quicksilver dragon
 29106 | Snake:4  | Killed a quicksilver dragon
 29108 | Snake:4  | Killed a quicksilver dragon
 29118 | Snake:4  | Got a serpentine rune of Zot
 30200 | Snake:3  | Identified the +5 dagger of Jesaojom {speed, rCorr Str+5
                  | Int+3 Dex-3}
 30200 | Snake:3  | Noticed Donald
 30221 | Snake:3  | HP: 7/168 [Donald/+1 demon trident of pain (34)]
 30226 | Snake:3  | Demolished by Donald

Illustrated notes

Levels and vault maps discovered:
D:1:      dpeg_arrival_leaves_temple_mockup, layout_loops_ring, serial_shops,
          nicolae_shop_behind_doors, shop_fountains, shop, shop,
          minmay_misc_feat_plants
D:2:      layout_basic, basic_ecumenical_altar
D:3:      layout_rooms
D:4:      minmay_bubble_buster, layout_basic, uniq_ijyb,
          uniq_crazy_yiuf_cottage, uniq_duvessa
D:5:      layout_rooms
D:6:      layout_cave_pools, mainiacjoe_overflow_small_starburst,
          minmay_misc_feat_rows, kennysheep_generic_room_3
D:7:      kennysheep_steamy, layout_basic, minmay_temple_entry_offerings,
          serial_shops, nicolae_stop_n_shop_2, shop_coins, skrybe_limestone_x,
          grunt_ministairs_5
D:8:      layout_basic
D:9:      layout_rooms
D:10:     layout_irregular_city, minmay_orc_entry_temple_small,
          minmay_hedge_maze
D:11:     layout_long_grid, david_lair_shrubbed, serial_shops,
          nicolae_shop_dealshenge, uniq_maurice
D:12:     layout_loops_ring, nicolae_twisting_strands, uniq_urug
D:13:     layout_roguey, gammafunk_ghost_ooze, serial_shops, shop, shop,
          nicolae_shop_overgrown_old_shop
D:14:     layout_loops_ring, skrybe_vaults_entry_preservation,
          dreamdust_princess_corridor, nicolae_hexahallways,
          minmay_shattered_shrine
D:15:     grunt_enter_depths_magical_seal, layout_irregular_city
Temple:   nicolae_temple_the_god_donut
Lair:1:   layout_cave_pods
Lair:2:   layout_cave_shapes, swamp_mist, minmay_snake_entry_guardpost_medium,
          portal_ice_cave_rime, minivault_11, pdpol_lair_cavern_descent,
          infiniplex_staircase_pool
Lair:3:   layout_gridlike, cheibrodos_lair_lostbears
Lair:4:   layout_loops_ring, minmay_lair_oklob_bushes, grunt_megastairs_2,
          uniq_nessos
Lair:5:   cheibrodos_lair_end_hotspot, layout_misc_corridors,
          minmay_slime_entry_pillars, kennysheep_basilisk_garden
Snake:1:  layout_cave_shapes, minmay_shoptagon, nicolae_triple_integral,
          serial_bayou_shore_a
Snake:2:  nicolae_snake_nest, layout_chambers, grunt_megastairs_4
Snake:3:  layout_cave_town, uniq_donald
Snake:4:  hellmonk_snake_rune_quicksilver_temple, layout_cave_town,
          uniq_asterion, uniq_bai_suzhen
Orc:1:    layout_diamond_mine, mines5_lemuel
Orc:2:    st_orc_rangers, layout_caves, basic_altar
Elf:1:    layout_rooms, minmay_elf_sorcery, minivault_20, lemuel_upstairs_altar,
          minmay_shop_grove, uniq_louise

Skill      XL: |  1  2  3  4  5  6  7  8  9 10 11 12 13 14 15 16 17 |
---------------+----------------------------------------------------+-----
Axes           | 3 4 5 7 8 10 11 13 15 17 19 20 21 | 21.4
Fighting       | 4 5 6 7 8 10 11 13 15 17 18 19 | 19.4
Shields        | 4 5 6 8 9 10 11 12 13 14 16 | 16.6
Armour         | 4 5 6 7 8 10 11 12 13 14 15 16 | 16.6
Throwing       | 1 2 4 5 6 7 8 9 10 | 10.0
Invocations    | 2 4 5 6 8 9 10 12 | 12.8

Action                     |  1- 3 |  4- 6 |  7- 9 | 10-12 | 13-15 | 16-18 || total
---------------------------+-------+-------+-------+-------+-------+-------++-------
  Melee: War axe           |    63 |   110 |   323 |   713 |    52 |       ||  1261
         Headbutt          |     7 |    19 |    61 |   176 |   310 |   145 ||   718
         Unarmed           |       |     9 |       |       |       |       ||     9
         Broad axe         |       |       |       |       |   995 |   619 ||  1614
  Throw: Boomerang         |       |     1 |       |       |       |    13 ||    14
         Javelin           |       |       |       |       |     8 |     5 ||    13
 Invoke: Heroism           |       |       |       |     9 |    13 |    10 ||    32
         Finesse           |       |       |       |     2 |    10 |     6 ||    18
  Evoke: Wand              |       |       |     7 |     5 |     6 |       ||    18
    Use: Scroll            |     9 |     1 |    10 |    12 |     5 |     9 ||    46
         Potion            |       |     2 |     2 |     3 |       |     5 ||    12
 Armour: Scale mail        |    50 |    45 |       |       |       |       ||    95
         Plate armour      |       |     2 |   233 |   399 |   562 |   333 ||  1529
  Dodge: Dodged            |    40 |    65 |    94 |   144 |   211 |   144 ||   698
  Block: Buckler           |    20 |     7 |       |       |       |       ||    27
         Kite shield       |       |    56 |   190 |   510 |  1054 |   860 ||  2670
         Reflection        |       |       |       |     2 |    29 |   153 ||   184

Table legend: (Time is in decaauts)
 A = Elapsed time spent in this place.
 B = Non-inter-level travel time spent in this place.
 C = Inter-level travel time spent in this place.
 D = Time resting spent in this place.
 E = Time spent auto-exploring this place.
 F = Levels seen in this place.
 G = Mean time per level.
                   A        B        C        D        E       F      G
               +--------+--------+--------+--------+--------+-----+--------+
         Total |  30383 |  29496 |    887 |   3469 |  17101 |  29 | 1047.7 |
       Dungeon |  16780 |  16331 |    449 |    902 |  11172 |  15 | 1118.7 |
        Temple |    108 |    108 |      0 |      0 |      0 |   1 |  108.0 |
          Lair |   7307 |   7033 |    274 |    339 |   4773 |   5 | 1461.4 |
     Snake Pit |   3159 |   3117 |     42 |   1358 |    399 |   4 |  789.8 |
  Orcish Mines |   1848 |   1728 |    120 |    359 |    587 |   2 |  924.0 |
   Elven Halls |    304 |    304 |      0 |    217 |      0 |   1 |  304.0 |
      Ice Cave |    873 |    873 |      0 |    294 |    169 |   1 |  873.0 |
               +--------+--------+--------+--------+--------+-----+--------+

Top non-repeatable levels by time:
  Lair:5: 2333 daAuts
    D:14: 1863 daAuts
     D:7: 1760 daAuts
    D:15: 1672 daAuts
 Snake:4: 1551 daAuts
  Lair:3: 1530 daAuts
     D:4: 1515 daAuts
  Lair:1: 1341 daAuts
   Orc:2: 1224 daAuts
    D:10: 1176 daAuts
  Lair:2: 1148 daAuts
    D:13: 1143 daAuts
     D:8: 1122 daAuts
    D:11: 1049 daAuts
     D:9: 1017 daAuts
